Map: Eastwatch LE

Players

Scarlett - Winner!

  • Race: Zerg Zerg
  • Spawn Location: 7:00

TIME (Oliveira)

  • Race: Terran Terran
  • Spawn Location: 1:00

Event: IEM Season 12 - PyeongChang

VOD

Have the link to the VOD?

Description

Time

  • Played on: Feb. 5, 2018, 12:04 a.m.
  • Length: 17:46

All games in this series

Show
View Real Time Build Order
Export as new Build Order

Scarlett Zerg - Winner!

Build Orders: Hatch First, Muta Ling Bane 

Get SALT Encoding   

  12  0:00  Drone  
  13  0:12  Overlord  
  13  0:17  Drone  
  14  0:30  Drone x2  
  14  0:34  Drone  
  17  0:51  Hatchery  
  17  0:54  Drone  
  17  0:58  Drone  
  18  1:09  Extractor  
  17  1:12  Spawning Pool  
  17  1:15  Drone  
  17  1:18  Drone  
  18  1:28  Drone  
  19  1:38  Drone  
  20  1:48  Overlord  
  20  1:58  Queen  
  22  2:03  Queen  
  22  2:04  Zergling x2  
  25  2:08  Metabolic Boost  
  25  2:09  Drone  
  25  2:12  Drone  
  25  2:15  Drone  
  28  2:28  Hatchery  
  27  2:30  Drone  
  28  2:40  Queen  
  28  2:41  Drone  
  31  2:46  Overlord  
  31  2:49  Drone  
  32  2:56  Drone x2  
  34  2:58  Drone  
  35  3:05  Zergling x2  
  35  3:06  Zergling x2  
  35  3:08  Drone x3  
  40  3:13  Drone x2  
  40  3:17  Overlord  
  42  3:22  Drone x2  
  44  3:34  Queen  
  44  3:40  Drone x6  
  52  3:44  Queen  
  52  3:47  Zergling x2  
  55  3:49  Overlord  
  55  3:51  Drone  
  55  3:54  Drone  
  57  3:56  Drone  
  57  3:58  Overlord  
  58  4:04  Overlord  
  58  4:11  Drone x4  
  58  4:14  Queen  
  63  4:18  Drone x4  
  63  4:23  Drone  
  63  4:24  Evolution Chamber x2  
  67  4:28  Spore Crawler  
  67  4:30  Drone  
  67  4:31  Drone x3  
  69  4:37  Spore Crawler  
  68  4:40  Zergling x4  
  70  4:50  Drone  
  70  4:51  Zerg Melee Weapons Level 1, Zerg Ground Armor Level 1  
  71  4:53  Extractor  
  71  4:54  Drone x7  
  71  4:58  Hatchery  
  74  5:09  Overlord x2  
  74  5:10  Drone  
  75  5:14  Lair  
  75  5:18  Baneling Nest  
  75  5:20  Extractor, Overlord  
  75  5:21  Extractor  
  72  5:26  Drone x2  
  74  5:30  Drone  
  74  5:31  Drone x7  
  81  5:36  Drone x2  
  83  5:43  Drone x2  
  83  5:45  Hatchery  
  84  5:50  Drone x4  
  84  5:55  Extractor  
  84  5:56  Extractor, Zergling x8  
  90  6:00  Zergling x4  
  92  6:07  Drone x2  
  96  6:12  Zergling x10  
  96  6:16  Zergling x2  
  96  6:17  Centrifical Hooks  
  102  6:21  Zergling x2, Spire  
  102  6:22  Zergling x4  
  102  6:23  Baneling x5  
  102  6:25  Overlord x2  
  104  6:26  Overlord  
  104  6:29  Baneling  
  104  6:30  Baneling x4  
  104  6:37  Overlord  
  102  6:46  Zergling x20  
  111  6:48  Zerg Ground Armor Level 2, Zerg Melee Weapons Level 2  
  111  6:57  Zergling x14  
  111  7:01  Zergling x6  
  119  7:03  Baneling  
  119  7:04  Baneling x6  
  119  7:05  Baneling  
  119  7:06  Baneling, Zergling x6  
  117  7:15  Zergling x4  
  117  7:16  Zergling x6  
  117  7:20  Zergling x6  
  119  7:26  Zergling x2  
  119  7:27  Zergling x10  
  118  7:32  Zergling x6  
  123  7:42  Drone  
  123  7:43  Drone x8  
  128  7:48  Zerg Flyer Weapons Level 1, Mutalisk x2  
  132  7:51  Pneumatized Carapace  
  132  7:52  Overseer  
  132  7:53  Infestation Pit, Mutalisk  
  132  7:57  Mutalisk  
  132  8:05  Hatchery  
  129  8:08  Hatchery  
  129  8:11  Drone x3  
  129  8:12  Drone x6  
  131  8:20  Mutalisk  
  131  8:21  Mutalisk  
  131  8:22  Overlord  
  131  8:23  Overlord  
  133  8:35  Hive  
  133  8:37  Overlord  
  133  8:38  Mutalisk  
  135  8:44  Mutalisk x4  
  143  8:54  Mutalisk  
  145  8:55  Mutalisk  
  145  8:57  Zergling x16  
  155  9:04  Mutalisk  
  155  9:05  Overlord x3  
  155  9:06  Overlord  
  157  9:20  Baneling  
  157  9:21  Baneling x11  
  157  9:27  Drone x3, Extractor  
  157  9:28  Extractor  
  157  9:30  Baneling x5  
  157  9:31  Baneling x2  
  157  9:35  Zergling x22  
  157  9:36  Zergling x6  
  171  9:45  Zergling x12  
  172  9:46  Zergling x6  
  172  9:52  Zerg Melee Weapons Level 3  
  157  10:13  Adrenal Glands, Zerg Ground Armor Level 3  
  154  10:19  Zergling x2  
  154  10:20  Zergling x46  
  178  10:25  Baneling  
  178  10:26  Baneling x9  
  178  10:38  Baneling  
  178  10:39  Baneling x8  
  178  10:42  Zergling x26  
  191  10:47  Baneling x4  
  191  10:48  Baneling  
  191  10:49  Baneling x5  
  186  11:07  Extractor  
  186  11:09  Spine Crawler  
  186  11:10  Spore Crawler  
  182  11:13  Greater Spire  
  182  11:16  Zergling x12  
  182  11:17  Ultralisk Cavern, Zergling x22  
  198  11:20  Baneling  
  198  11:21  Baneling x12  
  198  11:44  Overlord x3  
  192  11:58  Spore Crawler  
  189  12:03  Hatchery  
  185  12:10  Chitinous Plating  
  185  12:11  Pathogen Glands  
  185  12:12  Drone x3  
  181  12:17  Drone  
  181  12:19  Drone  
  180  12:26  Burrow  
  180  12:28  Zerg Flyer Armor Level 1  
  180  12:32  Ultralisk x3  
  198  12:42  Hatchery  
  197  12:51  Hatchery  
  194  13:00  Extractor  
  175  13:13  Zerg Missile Weapons Level 1  
  175  13:19  Infestor  
  164  13:20  Corruptor, Infestor x5  
  164  13:21  Corruptor x2  
  169  13:47  Corruptor x6  
  171  13:49  Overlord  
  171  14:04  Spine Crawler  
  170  14:16  Brood Lord x3  
  175  14:21  Zerg Flyer Weapons Level 2  
  175  14:27  Brood Lord x2  
  175  14:29  Overseer x2  
  178  14:44  Brood Lord x3  
  183  14:52  Brood Lord  
  185  15:02  Spine Crawler  
  185  15:03  Spore Crawler  
  182  15:13  Zergling x18  
  175  15:24  Spore Crawler  
  175  15:25  Spore Crawler  
  175  15:26  Corruptor, Spore Crawler x2  
  175  15:27  Corruptor x7, Spore Crawler  
  186  15:32  Overlord  
  186  15:39  Drone x4  
  186  15:40  Drone x2  
  186  15:41  Extractor  
  191  15:43  Drone  
  191  15:44  Drone  
  191  15:45  Drone  
  191  15:47  Drone  
  191  16:12  Neural Parasite  
  191  16:19  Viper  
  191  16:22  Viper  
  197  16:43  Baneling x15  
  197  16:44  Baneling  
  194  16:50  Zergling x2  
  194  16:51  Zergling x10  
Show
View Real Time Build Order
Export as new Build Order

TIME Terran 

Build Orders: Reaper Expand, MMM Bio 

Get SALT Encoding   

  12  0:00  SCV  
  13  0:12  SCV  
  14  0:17  Supply Depot  
  14  0:24  SCV  
  15  0:38  SCV  
  15  0:39  Barracks  
  16  0:44  Refinery  
  16  0:50  SCV  
  17  1:03  SCV  
  18  1:15  SCV  
  19  1:27  Orbital Command, Reaper  
  20  1:40  Command Center  
  20  1:51  Supply Depot  
  20  1:53  SCV  
  21  1:58  Marine  
  22  2:05  SCV  
  23  2:08  Factory  
  23  2:13  Refinery  
  23  2:17  SCV  
  23  2:21  Barracks Reactor  
  25  2:30  SCV  
  25  2:42  SCV  
  26  2:52  Starport  
  26  2:53  Orbital Command  
  26  2:54  SCV  
  27  3:01  Hellion x2  
  31  3:06  Barracks Tech Lab, SCV  
  32  3:18  SCV x2  
  34  3:22  Hellion x2  
  38  3:29  Supply Depot  
  38  3:30  Barracks Tech Lab, SCV  
  38  3:32  SCV  
  38  3:34  Raven  
  42  3:42  SCV  
  42  3:44  SCV  
  44  3:51  Command Center  
  44  3:53  Stimpack  
  44  3:57  SCV x2  
  46  4:03  Hellion x2  
  49  4:10  SCV  
  49  4:14  SCV  
  51  4:22  Viking, SCV  
  54  4:26  Supply Depot  
  54  4:30  Supply Depot  
  54  4:35  Barracks  
  54  4:38  Factory Reactor  
  54  4:42  Barracks  
  54  4:48  Marine, SCV x2  
  54  4:51  Engineering Bay  
  54  4:52  Engineering Bay  
  57  4:54  Refinery  
  57  4:55  Refinery  
  57  5:00  SCV x2  
  57  5:01  Starport Reactor  
  57  5:05  Marine  
  57  5:06  Orbital Command  
  60  5:12  SCV  
  61  5:15  SCV  
  61  5:18  Terran Infantry Weapons Level 1, Terran Infantry Armor Level 1  
  62  5:23  Marine, Siege Tank  
  62  5:25  SCV  
  67  5:31  Marine x3  
  67  5:32  Marine, SCV  
  72  5:38  SCV  
  72  5:40  Orbital Command  
  72  5:41  Marine  
  74  5:49  Marine x4, Medivac x2  
  81  5:56  Armory  
  82  5:57  Supply Depot  
  82  5:58  Supply Depot  
  82  5:59  Marine  
  83  6:05  SCV  
  83  6:07  SCV  
  83  6:10  Combat Shields  
  85  6:17  Supply Depot  
  85  6:18  Marine x3  
  85  6:19  Marine x2, Siege Tank, SCV x2  
  95  6:27  SCV  
  95  6:31  Medivac  
  98  6:32  Medivac  
  98  6:33  Barracks  
  98  6:34  Barracks, SCV  
  98  6:38  Marine x2, SCV  
  105  6:40  SCV  
  105  6:42  Marine x2  
  105  6:43  Marine  
  105  6:46  SCV  
  109  6:59  Marine  
  109  7:16  Marine  
  109  7:17  SCV  
  109  7:21  Marine x2, SCV x2  
  109  7:22  Refinery x2  
  109  7:23  Marine  
  109  7:24  Siege Tank, Supply Depot  
  109  7:27  Marine  
  109  7:29  SCV  
  104  7:30  Barracks Reactor x2  
  104  7:33  SCV  
  104  7:34  Marine, Supply Depot, SCV  
  104  7:36  Command Center  
  107  7:38  Marine  
  107  7:39  Marine  
  107  7:41  Marine, SCV  
  105  7:45  Marine, SCV  
  105  7:46  SCV  
  105  7:50  Medivac x2  
  112  7:52  Marine, Supply Depot  
  112  7:53  SCV  
  112  7:56  Marine  
  112  7:57  Marine, SCV, Supply Depot  
  117  8:00  SCV  
  117  8:01  Marine  
  117  8:02  Marine  
  117  8:05  Marine, SCV  
  121  8:06  Marine x2  
  121  8:10  Marine  
  121  8:12  Barracks x2  
  125  8:13  Barracks  
  125  8:14  Thor  
  125  8:16  Terran Infantry Weapons Level 2  
  125  8:17  Supply Depot  
  125  8:19  Terran Infantry Armor Level 2  
  124  8:20  Marine  
  124  8:21  Marine  
  124  8:24  Marine  
  124  8:27  Missile Turret  
  124  8:29  Missile Turret, Terran Vehicle Weapons Level 1  
  124  8:30  Marine  
  124  8:31  Marine x5  
  127  8:36  Medivac x2  
  127  8:37  SCV  
  127  8:38  SCV x2  
  127  8:41  Marine  
  133  8:45  Marine x2  
  135  8:48  Marine  
  135  8:52  Missile Turret, SCV  
  135  8:53  SCV  
  135  8:54  SCV  
  139  8:57  Marine x2  
  139  9:01  Thor  
  147  9:04  Marine x3  
  147  9:05  Barracks Tech Lab x3  
  147  9:07  SCV  
  147  9:08  SCV  
  152  9:10  Marine x2  
  152  9:16  Marine  
  155  9:18  Planetary Fortress  
  155  9:20  Marine  
  155  9:23  Marine x3  
  155  9:24  Marine, Marauder  
  161  9:25  Marauder  
  164  9:32  Marine x2  
  164  9:33  Marauder  
  164  9:34  Marine  
  159  9:38  Missile Turret  
  159  9:40  SCV, Supply Depot x2  
  159  9:41  Marine x2  
  159  9:43  Marine  
  159  9:45  Marine  
  163  9:47  Concussive Shells  
  163  9:49  Supply Depot  
  163  9:50  Supply Depot  
  164  9:55  Marine  
  163  10:00  Marauder  
  163  10:01  Marine x2, Marauder x3  
  157  10:07  Marine x2  
  157  10:09  SCV  
  157  10:11  SCV  
  157  10:13  SCV x2  
  159  10:14  Marine x2  
  159  10:18  Thor  
  159  10:19  Marine x2  
  167  10:22  Marauder x2  
  167  10:23  Marauder x2  
  175  10:32  Marine x4  
  175  10:33  Marine  
  180  10:38  Starport  
  170  10:43  Marauder  
  170  10:44  Marauder x2  
  176  10:50  Ghost Academy  
  176  10:54  Liberator x2  
  176  10:55  SCV x4  
  178  10:58  Missile Turret  
  178  11:12  Sensor Tower  
  178  11:15  Refinery x2  
  178  11:16  Command Center x2  
  184  11:20  Sensor Tower  
  184  11:22  Missile Turret  
  184  11:32  Ghost x3  
  184  11:33  Ghost  
  190  11:40  Marine x5  
  190  11:41  Liberator x2, Unknown x4  
  190  11:46  Marine  
  190  11:47  Marine  
  192  11:58  Starport Reactor  
  192  12:01  Ghost x2  
  190  12:02  Marauder  
  190  12:03  Ghost  
  187  12:22  Personal Cloaking  
  182  12:23  Starport  
  182  12:25  Fusion Core  
  182  12:29  Siege Tank  
  184  12:30  Command Center  
  188  12:38  Missile Turret  
  188  12:39  Terran Infantry Weapons Level 3  
  188  12:40  Missile Turret, Terran Infantry Armor Level 3  
  188  12:41  Missile Turret  
  182  12:51  Orbital Command  
  182  12:57  Refinery  
  182  12:58  Missile Turret  
  182  13:00  Missile Turret, Refinery, Command Center  
  182  13:03  Marine x2  
  182  13:04  Marauder  
  182  13:05  Marine x3  
  185  13:06  Marine, Marauder x2  
  185  13:09  Orbital Command  
  185  13:12  SCV x3  
  182  13:13  Marine x2, Marauder  
  182  13:18  SCV  
  165  13:21  Marine x2  
  165  13:24  SCV  
  165  13:25  Marine  
  158  13:29  SCV  
  158  13:32  Starport Tech Lab  
  157  13:34  SCV  
  158  13:43  Ghost  
  158  13:44  SCV x2  
  158  13:45  SCV  
  158  13:46  SCV  
  164  13:55  Ghost  
  164  13:56  SCV x2  
  164  13:57  SCV  
  164  14:00  Liberator, Terran Vehicle Weapons Level 2  
  169  14:05  Supply Depot  
  169  14:15  Ghost x2  
  173  14:17  Orbital Command  
  173  14:19  Advanced Ballistics  
  173  14:21  Starport Reactor  
  176  14:26  Ghost  
  176  14:27  Liberator  
  176  14:29  Ghost  
  168  14:43  Ghost x2  
  167  14:48  SCV x2  
  167  14:49  SCV  
  170  14:53  Planetary Fortress, SCV  
  170  14:55  Ghost  
  173  15:04  Ghost  
  173  15:06  SCV x2  
  177  15:08  SCV  
  177  15:14  Nuke  
  170  15:15  SCV  
  170  15:20  Ghost  
  167  15:23  Liberator, SCV  
  167  15:25  SCV  
  167  15:26  SCV  
  170  15:30  SCV  
  170  15:31  SCV  
  170  15:33  SCV  
  170  15:35  SCV  
  177  15:48  Ghost x2  
  181  15:50  Unknown  
  181  15:51  SCV x2  
  181  15:52  Unknown  
  183  15:57  Ghost  
  183  15:58  Ghost  
  183  16:01  Liberator  
  187  16:05  SCV  
  187  16:06  Unknown x2  
  187  16:08  SCV  
  186  16:17  Ghost x2  
  185  16:20  SCV x2  
  185  16:25  Ghost  
  183  16:28  Unknown x4  
  183  16:32  Medivac  
  183  16:34  Ghost, SCV  
  183  16:38  SCV  
  175  16:40  Marine x5  
  175  16:42  Marine, SCV  
  175  16:43  SCV  
  175  16:44  SCV  
  175  16:45  Ghost  
  175  16:46  Medivac  
  176  16:47  SCV  
  176  16:48  SCV  
  176  16:49  Marine x2, Marauder  
  176  16:50  SCV  
  176  16:54  SCV  
  176  16:55  Marauder, SCV  
  176  17:01  SCV  
  176  17:03  Ghost  
  176  17:06  Marine  
  176  17:07  SCV  
  176  17:10  SCV  
  165  17:19  Marine x3  
  165  17:20  Marine x2, Marauder  
  165  17:21  SCV  
  165  17:22  SCV  
  144  17:32  SCV  
  144  17:34  SCV  

Tags
 
Add a new tag
Caveats
  • Supply blocks, unpowered buildings, or Contaminate may cause inaccurate times.
  • Supply counts are checked every 10 seconds.